 Dungeon Crawl Stone Soup version 0.22-b1-21-g5cfc1688f2 (webtiles) character file.

91 Kirk the Charmwright (level 4, -3/33 HPs)
             Began as a Demonspawn Skald on Aug 5, 2018.
             Slain by a gnoll
             ... wielding a +0 club
              (4 damage)
             ... on level 3 of the Dungeon.
             The game lasted 00:02:34 (1586 turns).

Kirk the Charmwright (Demonspawn Skald)             Turns: 1586, Time: 00:02:34

Health: -3/33      AC:  3    Str: 16    XL:     4   Next: 33%
Magic:  7/7        EV: 17    Int: 15    God:
Gold:   86         SH:  0    Dex: 18    Spells: 2/7 levels left

rFire    . . .     SeeInvis .   a - +0 hand axe
rCold    . . .     Gourm    .   (no shield)
rNeg     . . .     Faith    .   b - +0 leather armour
rPois    .         Spirit   .   (no helmet)
rElec    .         Reflect  .   (no cloak)
rCorr    +         Harm     .   (no gloves)
MR       .....                  (no boots)
Stlth    ++........             (no amulet)
HPRegen  0.11/turn              f - ring of resist corrosion
MPRegen  0.10/turn              (no ring)

@: mighty, agile
A: hooves 1, rot immunity
a: no special abilities


You were on level 3 of the Dungeon.
You were not hungry.

You visited 1 branch of the dungeon, and saw 3 of its levels.

You collected 86 gold pieces.

Inventory:

Hand Weapons
 a - a +0 hand axe (weapon)
Armour
 b - a +0 leather armour (worn)
 k - a +0 chain mail
Jewellery
 f - a ring of resist corrosion (left hand)
Scrolls
 j - a scroll of enchant weapon {unknown}
Potions
 e - a potion of curing {unknown}
 h - a potion of heal wounds {unknown}
 i - a potion of flight {unknown}
 l - 2 potions of brilliance
Comestibles
 d - 3 rations


   Skills:
 - Level 2.0 Fighting
 + Level 3.3 Axes
 - Level 0.8 Armour
 - Level 1.7 Dodging
 + Level 2.3 Spellcasting
 + Level 3.4 Charms


You had 2 spell levels left.
You knew the following spells:

 Your Spells              Type           Power        Failure   Level  Hunger
a - Infusion              Chrm           ##..         6%          1    #......
b - Song of Slaying       Chrm           ##......     10%         2    ###....
c - Shroud of Golubria    Chrm/Tloc      #.........   19%         2    ###....

Your spell library contained the following spells:

 Spells                   Type           Power        Failure   Level  Hunger
 Magic Dart               Conj           #...         26%         1    #......
 Conjure Flame            Conj/Fire      #.......     61%         3    ###....
 Slow                     Hex            #.......     36%         2    ###....
 Mephitic Cloud           Conj/Pois/Air  #.......     61%         3    ###....
 Blink                    Tloc           N/A          36%         2    ###....
 Call Imp                 Summ           #.......     36%         2    ###....
 Regeneration             Chrm/Necr      #.........   36%         3    ###....
 Spectral Weapon          Hex/Chrm       #.......     36%         3    ###....


Dungeon Overview and Level Annotations

Branches:
Dungeon (3/15)

Altars:


Innate Abilities, Weirdness & Mutations

You have large cloven feet.
You are immune to rotting.


Message History

The adder barely misses you. The gnoll hits you with a spear.
The gnoll closely misses you.
Unknown command.
You slash the gnoll!
You kill the gnoll!
You hit the gnoll. x2; You barely miss the adder.
The adder closely misses you. The gnoll barely misses you.
A worm comes into view.
The gnoll hits you from afar with a spear!
* * * LOW HITPOINT WARNING * * *
The gnoll misses you.
You hit the gnoll. You kick the gnoll!
The gnoll is almost dead.
You hit the adder. You hit the gnoll.
You kill the gnoll!
The adder closely misses you.
The gnoll hits you from afar with a spear!
* * * LOW HITPOINT WARNING * * *
The gnoll hits you with a club.
You die...

########
#...@..#
+..S)gg+
#......#
#......#
#......#
#......#
.......#
...w....#


You could see a worm, 2 gnolls and an adder.

Vanquished Creatures
  2 gnolls (D:3)
  2 adders (D:2)
  A worm (D:2)
  A dart slug (D:1)
  9 bats
  6 goblins
  9 hobgoblins
  2 jackals (D:1)
  9 kobolds
  A frilled lizard (D:2)
  5 rats
47 creatures vanquished.

Notes
Turn   | Place    | Note
-------+----------+-------------------------------------------
     0 | D:1      | Kirk the Demonspawn Skald began the quest for the Orb.
     0 | D:1      | Reached XP level 1. HP: 16/16 MP: 3/3
   235 | D:1      | Gained mutation: You are immune to rotting. [demonic ancestry]
   235 | D:1      | Reached XP level 2. HP: 22/22 MP: 5/5
   436 | D:1      | Gained mutation: You have large cloven feet. [demonic ancestry]
   436 | D:1      | Reached XP level 3. HP: 14/27 MP: 6/6
   888 | D:2      | Learned a level 2 spell: Song of Slaying
   891 | D:2      | Learned a level 2 spell: Shroud of Golubria
  1383 | D:2      | Reached XP level 4. HP: 19/33 MP: 7/7
  1586 | D:3      | HP: 1/33 [gnoll/spear (7)]
  1586 | D:3      | Slain by a gnoll

Skill      XL: |  1  2  3 |
---------------+----------+-----
Charms         | 3 |  3.4
Axes           | 2 3 |  3.3
Fighting       | |  2.0
Armour         | |  0.8
Dodging        | |  1.7
Spellcasting   | |  2.3

Action                   |  1- 3 |  4- 6 || total
-------------------------+-------+-------++-------
Melee: Hand axe          |   124 |     8 ||   132
       Kick              |    18 |     1 ||    19
 Cast: Infusion          |     2 |       ||     2
  Use: Scroll            |     4 |       ||     4
       Potion            |       |     2 ||     2
 Stab: Sleeping          |     1 |       ||     1
  Eat: Chunk             |     1 |     1 ||     2
Armor: Leather armour    |    33 |     3 ||    36
Dodge: Dodged            |    84 |    13 ||    97
